 Dungeon Crawl Stone Soup version 0.22.1-1-ga44c0e5 (webtiles) character file.

8083 thomasnlv21 the Cleaver (level 11, -2/99 HPs)
             Began as a Minotaur Berserker on Nov 11, 2018.
             Was a High Priest of Trog.
             Slain by a bullfrog (5 damage)
             ... on level 10 of the Dungeon.
             The game lasted 00:34:18 (10597 turns).

thomasnlv21 the Cleaver (Minotaur Berserker)       Turns: 10597, Time: 00:34:19

Health: -2/99      AC: 21    Str: 25    XL:     11   Next: 5%
Magic:  3/3        EV:  9    Int:  4    God:    Trog [*****.]
Gold:   457        SH:  0    Dex: 13    Spells: 10/10 levels left

rFire    + . .     SeeInvis .   C - +1 battleaxe (antimagic)
rCold    + . .     Gourm    .   (shield currently unavailable)
rNeg     . . .     Faith    +   e - +1 plate armour
rPois    +         Spirit   .   (helmet restricted)
rElec    .         Reflect  .   u - scarf {rC+ rF+}
rCorr    .         Harm     .   z - +2 pair of gloves
MR       .....                  E - +1 pair of boots
Stlth    ..........             v - amulet of faith
HPRegen  0.26/turn              k - ring of poison resistance
MPRegen  0.08/turn              B - +3 ring of dexterity

@: berserk cooldown, slowed, very slow
A: retaliatory headbutt, horns 2
a: Berserk, Trog's Hand, Brothers in Arms, Renounce Religion


You were on level 10 of the Dungeon.
You worshipped Trog.
Trog was extremely pleased with you.
You were not hungry.

You visited 2 branches of the dungeon, and saw 11 of its levels.

You collected 457 gold pieces.

Inventory:

Hand Weapons
 a - a +1 hand axe
 h - a +0 mace of holy wrath
 j - a +0 broad axe of venom
 C - a +1 antimagic battleaxe (weapon)
Armour
 e - a +1 plate armour (worn)
 u - a scarf of resistance (worn)
 z - a +2 pair of gloves (worn)
 E - a +1 pair of boots (worn)
Jewellery
 k - a ring of poison resistance (left hand)
 o - an uncursed amulet of magic regeneration
 q - a +5 ring of strength
 v - an amulet of faith (around neck)
 B - a +3 ring of dexterity (right hand)
Wands
 l - a wand of enslavement (10)
 n - a wand of acid (34)
 p - a wand of random effects (32)
 x - a wand of flame (18)
 y - a wand of paralysis (7)
 D - a wand of polymorph (10)
Scrolls
 f - 5 scrolls of identify
 g - a scroll of enchant weapon
 i - 4 scrolls of enchant armour
 m - 4 scrolls of teleportation
 s - a scroll of fog
Potions
 b - a potion of flight
 d - a potion of mutation
 r - 3 potions of cancellation
 t - a potion of berserk rage
 A - a potion of curing
Comestibles
 c - 13 rations
 F - 3 chunks of flesh


   Skills:
 + Level 10.0 Fighting
 + Level 14.5 Axes
 + Level 10.5 Armour
 + Level 2.9 Dodging
 + Level 0.7 Stealth


You had 10 spell levels left.
You didn't know any spells.
Your spell library was empty.

Dungeon Overview and Level Annotations

Branches:
Dungeon (10/15)            Temple (1/1) D:7            Lair (0/6) D:9
    Orc (0/2) D:10

Altars:
Ashenzari
Cheibriados
Dithmenos
Elyvilon
Fedhas
Gozag
Hepliaklqana
Kikubaaqudgha
Makhleb
Nemelex Xobeh
Okawaru
Qazlal
Ru
Sif Muna
Trog
Uskayaw
Vehumet
Wu Jian
Xom
Yredelemnul
Zin
The Shining One

Shops:
D:10 *


Innate Abilities, Weirdness & Mutations

You reflexively headbutt those who attack you in melee.
You have a pair of horns on your head.


Message History

Trog accepts your kill. The warg bites you!
* * * LOW HITPOINT WARNING * * *
The warg bites you but does no damage.
You hit the warg. Your headbutt misses the warg.
The warg is moderately wounded.
The warg closely misses you. The warg bites you.
* * * LOW HITPOINT WARNING * * *
You barely miss the warg. Your headbutt misses the warg.
The warg is moderately wounded.
The warg bites you.
* * * LOW HITPOINT WARNING * * *
The warg bites you but does no damage.
The bullfrog hits you but does no damage.
You hit the warg. Your headbutt misses the warg.
The warg is moderately wounded.
You barely miss the bullfrog.
The bullfrog swells and bulges.
The bullfrog hits you.
You die...

###.###..##...((.........##
###'#######.(...##.......#
.#...#... #.....##.......#
.#...#....#)รท............#
.#...#....'..............#
.'...#...##.....##.......#
#' .######.
#....)##.......##...
.##.###
##.....<.............
.>....
#......@h............ .....
##....F##...))....... ....
#.....##..)))..##... ..# .
#..........)...# . ..####..
#...............# ........
...............?.# ........
.................'.
..######
##.....##........#.>
..##.... .....
#........#...


You could see a warg and a bullfrog.

Vanquished Creatures
  A two-headed ogre (D:8)
  A troll (D:9)
  2 wyverns
  2 yaks (D:9)
  2 hungry ghosts (D:9)
  Menkaure (D:7)
  2 water moccasins (D:7)
  2 floating eyes (D:9)
  2 porcupines (D:9)
  An ice beast (D:7)
  An orc warrior (D:9)
  A sky beast (D:5)
  A black bear (D:9)
  5 ogres
  A phantom (D:9)
  5 centaurs
  A crocodile (D:9)
  5 big kobolds
  10 bullfrogs
  A wyvern skeleton (D:9)
  4 scorpions
  7 wights (D:7)
  11 killer bees (D:7)
  2 howler monkeys
  2 crimson imps
  A quasit (D:9)
  2 centaur zombies
  4 hounds
  5 orc priests
  5 bullfrog skeletons
  Crazy Yiuf (D:2)
  4 jellies
  4 orc wizards
  4 iguanas
  Jessica (D:2)
  9 worker ants
  2 worker ant zombies
  9 adders
  3 gnolls (D:10)
  10 shadow imps
  An ooze (D:1)
  3 adder skeletons
  A worm (D:2)
  2 dart slugs
  3 leopard geckos
  29 orcs
  5 ball pythons
  8 giant cockroaches
  10 goblins
  8 hobgoblins
  13 jackals
  8 quokkas
  5 bats
  3 frilled lizards
  27 kobolds
  A quokka skeleton (D:5)
  5 rats
  5 fungi (D:2)
  A plant (D:9)
275 creatures vanquished.

Vanquished Creatures (collateral kills)
  A warg (D:10)
  An orc warrior (D:9)
  2 black bears (D:9)
  A crocodile (D:9)
  A big kobold (D:9)
  A gnoll sergeant (D:9)
  3 orc wizards
  5 gnolls
  2 orcs
17 creatures vanquished.

Vanquished Creatures (others)
  22 fungi (D:9)
  5 plants (D:9)
27 creatures vanquished.

Grand Total: 319 creatures vanquished

Notes
Turn   | Place    | Note
-------+----------+-------------------------------------------
     0 | D:1      | thomasnlv21 the Minotaur Berserker began the quest for the
                  | Orb.
     0 | D:1      | Reached XP level 1. HP: 19/19 MP: 0/0
   203 | D:1      | Reached XP level 2. HP: 27/27 MP: 1/1
   242 | D:1      | Reached skill level 4 in Axes
   580 | D:1      | Reached XP level 3. HP: 33/33 MP: 2/2
  1100 | D:2      | You fall through a shaft for 2 floors!
  1164 | D:4      | Reached XP level 4. HP: 39/41 MP: 3/3
  1175 | D:4      | Reached ** piety under Trog
  1175 | D:4      | Reached skill level 5 in Axes
  1175 | D:4      | Reached XP level 5. HP: 32/47 MP: 4/4
  1341 | D:3      | Reached skill level 5 in Fighting
  1477 | D:3      | Found a blossoming altar of Fedhas.
  1753 | D:2      | Noticed Jessica
  1765 | D:2      | Killed Jessica
  2448 | D:2      | Found a runed door.
  2453 | D:2      | Noticed Crazy Yiuf
  2458 | D:2      | Killed Crazy Yiuf
  2638 | D:3      | Reached XP level 6. HP: 47/56 MP: 5/5
  3219 | D:4      | Reached skill level 6 in Axes
  3497 | D:4      | Found a bloodstained altar of Trog.
  3915 | D:5      | Entered Level 5 of the Dungeon
  4052 | D:5      | Reached skill level 5 in Armour
  4289 | D:5      | Noticed a sky beast
  4301 | D:5      | Killed a sky beast
  4301 | D:5      | Reached XP level 7. HP: 46/63 MP: 6/6
  4722 | D:5      | Reached *** piety under Trog
  4796 | D:5      | Found a white marble altar of Elyvilon.
  4806 | D:5      | Reached skill level 7 in Axes
  5534 | D:6      | Reached XP level 8. HP: 72/73 MP: 7/7
  5604 | D:6      | Found a glowing golden altar of the Shining One.
  5666 | D:6      | Reached skill level 8 in Axes
  6184 | D:7      | Reached skill level 9 in Axes
  6189 | D:7      | HP: 3/73 [poisoned by a killer bee]
  6542 | D:7      | Noticed Menkaure
  6555 | D:7      | Killed Menkaure
  6608 | D:7      | Found a shadowy altar of Dithmenos.
  6663 | D:7      | Reached **** piety under Trog
  6665 | D:7      | Reached XP level 9. HP: 81/81 MP: 8/8
  6829 | D:7      | Reached skill level 10 in Axes
  7032 | D:7      | Found a staircase to the Ecumenical Temple.
  7039 | Temple   | Entered the Ecumenical Temple
  7695 | D:7      | Reached skill level 11 in Axes
  8514 | D:8      | Found an opulent altar of Gozag.
  8550 | D:8      | Noticed a two-headed ogre
  8562 | D:8      | Killed a two-headed ogre
  8562 | D:8      | Reached skill level 12 in Axes
  8562 | D:8      | Reached XP level 10. HP: 25/90 MP: 9/9
  9432 | D:9      | Reached ***** piety under Trog
  9459 | D:9      | Reached skill level 13 in Axes
  9588 | D:9      | Reached skill level 10 in Armour
  9715 | D:9      | Paralysed by an orc warrior for 7 turns
 10098 | D:9      | Found a staircase to the Lair.
 10158 | D:9      | Paralysed by a floating eye for 3 turns
 10323 | D:10     | Entered Level 10 of the Dungeon
 10323 | D:10     | Found Uhepiq's Assorted Antiques.
 10339 | D:10     | Reached skill level 14 in Axes
 10354 | D:10     | Reached skill level 10 in Fighting
 10356 | D:10     | Received a gift from Trog
 10508 | D:10     | Reached XP level 11. HP: 99/99 MP: 3/10
 10571 | D:10     | Found a staircase to the Orcish Mines.
 10596 | D:10     | HP: 2/99 [warg (5)]
 10597 | D:10     | Slain by a bullfrog

Skill      XL: |  1  2  3  4  5  6  7  8  9 10 |
---------------+-------------------------------+-----
Axes           | 4 5 6 7 9 12 14 | 14.5
Fighting       | 4 5 6 7 8 10 | 10.0
Armour         | 3 4 5 6 8 9 10 | 10.5
Dodging        | |  2.9
Stealth        | |  0.7

Action                   |  1- 3 |  4- 6 |  7- 9 | 10-12 || total
-------------------------+-------+-------+-------+-------++-------
Melee: Hand axe          |    72 |   204 |    47 |       ||   323
       Headbutt          |    13 |    45 |    48 |    33 ||   139
       Broad axe         |       |       |   175 |   132 ||   307
       Battleaxe         |       |       |       |    33 ||    33
Invok: Berserk           |       |       |     5 |     2 ||     7
       Brothers in Arms  |       |       |       |     2 ||     2
  Use: Scroll            |     3 |     1 |    10 |     4 ||    18
       Potion            |       |     8 |     7 |     2 ||    17
  Eat: Chunk             |     1 |    10 |    15 |     2 ||    28
       Ration            |       |       |     1 |     3 ||     4
Armor: Plate armour      |    47 |   109 |   165 |   116 ||   437
       Animal skin       |     1 |       |       |       ||     1
Dodge: Dodged            |    36 |    64 |   151 |    93 ||   344
